 Dungeon Crawl Stone Soup version 0.32-a0-886-g41c5271 (webtiles) character file.

Game seed: 7429929381537043480

1960 cpf86 the Magician (level 9, -3/66 HPs)
             Began as a Djinni Hedge Wizard on Apr 2, 2024.
             Killed from afar by an orc wizard (7 damage)
             ... with a magic dart
             ... on level 7 of the Dungeon.
             The game lasted 00:16:48 (6764 turns).

cpf86 the Magician (Djinni Hedge Wizard)            Turns: 6764, Time: 00:16:49

Health: -3/66      AC:  6    Str:  9    XL:     9   Next: 42%
Gold:   296        EV: 11    Int: 26    God:
                   SH:  0    Dex: 13

rFire   + + .        v - +3 mace "Vudghaj" {freeze, Will+, mace}
rCold   x . .        (no shield)
rNeg    . . .        i - +0 leather armour rPois โˆž
                     c - +0 hat
rElec   .            (no cloak)
rCorr   +            p - +2 pair of gloves
SInv    .            (boots unavailable)
Will    +....        (no amulet)
Stlth   ++           m - ring of resist corrosion
HPRegen 0.31/turn    o - +6 ring of intelligence
MPRegen 0.00/turn

%: infuse magic (-4 HP)
@: flying
A: sickness immunity, fire resistance 2, cold vulnerability 1, float, innate
caster, HP casting, extra vitality 1
a: no special abilities


You were on level 7 of the Dungeon.
You visited 2 branches of the dungeon, and saw 8 of its levels.

You collected 346 gold pieces.
You spent 50 gold pieces at shops.


Innate Abilities, Weirdness & Mutations

You are immune to sickness and miasma.
You are immune to poison.
Your flesh is very heat resistant. (rF++)
You are vulnerable to cold. (rC-)
You float through the air rather than walking.
You learn spells naturally, not from books.
Your magical power is your life essence.
You have superior vitality. (+4 MHP)


   Skills:
 + Level 6.1 Fighting
 + Level 3.3 Dodging
 + Level 2.5 Stealth
 * Level 7.9 Spellcasting
 * Level 7.9 Conjurations
 * Level 7.9 Hexes
   Level 0.0 Charms
 * Level 7.9 Summonings
 * Level 7.9 Necromancy
 * Level 7.9 Translocations
   Level 0.0 Transmutations
 * Level 7.9 Fire Magic
 * Level 7.9 Ice Magic
 * Level 7.9 Air Magic
 * Level 7.9 Earth Magic
 * Level 7.9 Alchemy


You knew the following spells:

 Your Spells              Type           Power      Damage    Failure   Level
a - Magic Dart            Conj           100%       1d8       1%          1
b - Searing Ray           Conj           100%       2d8       1%          2
c - Mephitic Cloud        Conj/Alch/Air  51%        N/A       1%          3
d - Call Imp              Summ           100%       N/A       1%          2
e - Blink                 Tloc           100%       N/A       1%          2
f - Slow                  Hex            100%       N/A       1%          1
g - Necrotise             Necr           100%       1d9       1%          1
h - Fugue of the Fallen   Necr           51%        N/A       1%          3
i - Maxwell's Portable P  Tloc           51%        2d(10-28) 1%          3
Your spell library was empty.

Inventory:

Hand Weapons
 a - a +0 dagger {short}
 v - the +3 mace "Vudghaj" (weapon) {freeze, Will+, mace}
   (You found it on level 3 of the Dungeon)

   Will+:     It increases your willpower.
Missiles
 f - 4 poisoned darts {throwing}
 g - 5 boomerangs {throwing}
Armour
 b - a +0 robe
 c - a +0 hat (worn)
 i - a +0 leather armour (worn)
   (You found it on level 1 of the Dungeon)
 p - a +2 pair of gloves (worn)
   (You found it on level 2 of the Dungeon)
Jewellery
 m - a ring of resist corrosion (left hand)
   (You found it on level 2 of the Dungeon)
 o - a +6 ring of intelligence (right hand)
   (You found it on level 2 of the Dungeon)
Wands
 B - a wand of charming (7)
   (You found it on level 5 of the Dungeon)
 D - a wand of iceblast (10)
   (You found it on level 5 of the Dungeon)
 F - a wand of flame (11)
   (You found it on level 5 of the Dungeon)
 G - a wand of mindburst (13)
   (You found it on level 6 of the Dungeon)
Scrolls
 k - 2 scrolls of teleportation {@r4}
 l - 2 scrolls of silence {unknown}
 n - a scroll of enchant weapon {unknown}
 q - 2 scrolls of blinking {unknown}
 r - 4 scrolls of identify {@r1}
 s - a scroll of amnesia {unknown}
 w - a scroll of enchant armour {unknown}
 x - a scroll of fog {unknown}
 y - a scroll of vulnerability {unknown}
 E - a scroll of revelation {unknown}
 I - a scroll of fear {unknown}
Potions
 d - 2 potions of ambrosia
 e - 2 potions of heal wounds {unknown}
 h - a potion of magic
 j - a potion of mutation {unknown}
 t - a potion of might {unknown}
 u - a potion of resistance {unknown}
 z - 2 potions of degeneration {unknown}
 A - a potion of cancellation {unknown}
 C - a potion of berserk rage {unknown}
 H - 2 potions of attraction {unknown}
 J - a potion of brilliance {unknown}

Dungeon Overview and Level Annotations

Branches:
Dungeon (7/15) Zot: 26966  Temple (1/1) D:5 Zot: 5998

Altars:
Ashenzari
Elyvilon
Fedhas
Gozag
Okawaru
Qazlal
Ru
Trog
Uskayaw
Wu Jian
Xom
Yredelemnul
The Shining One

Shops:
D:2 *? D:5

: ..... ...).#
......### ...... ..
#.)####.... ##...)...#
#.o..###...
###########.####
.......@..{o#######..#
....>.............).#
........#############
........# ........#
........# ........#
........#


You could see an orc warrior.


Message History

๐Ÿ˜• HP[-1]
You take 1 damage, and now have 63/66 hp.
I - a scroll labelled EFIHOA TOYD ๐Ÿ˜Ž HP[+3]
Your hp is fully restored (66).
J - a coppery potion You see here a +0 leather armour.
You see here a +0 trident {polearm}.
You see here a +0 trident {polearm}.
Items here: )) [ รท.
Done exploring.
Done exploring.
Search for what [Enter for "."]?
There is a stone staircase leading down here.
You fly downwards.
Found a stone staircase leading down.
There is a stone staircase leading up here.
An orc comes into view. It is wielding a +0 club.
Aiming: Searing Ray (safe; 1% risk of failure)
Press: ? - help, Q - select action, (/) - cycle Shift-Dir - straight line, f - orc
Aim: an orc, wielding a +0 club and wearing a +0 leather armour (asleep, 100% to hit)
The searing ray hits the orc!
You kill the orc! (Press . to maintain the ray.) ๐Ÿ˜• HP[-2]
You take 2 damage, and now have 64/66 hp. 2 orcs come into view. ๐Ÿ˜Ž HP[+2]
Your hp is fully restored (66).
The orc shouts! x2
An orc wizard comes into view.
It is wielding a +0 dagger of protection.
An orc warrior comes into view. It is wielding a +0 glaive.
Aiming: Searing Ray (safe; 1% risk of failure)
Press: ? - help, Q - select action, (/) - cycle Shift-Dir - straight line, f - orc
Aim: an orc, wielding a +0 dagger (83% to hit)
The searing ray hits the orc!
You kill the orc!
The searing ray hits the orc wizard.
The orc wizard shouts! (Press . to maintain the ray.)
The orc warrior shouts! ๐Ÿ˜• HP[-1]
You take 1 damage, and now have 65/66 hp.
The searing ray misses the orc wizard.
The searing ray hits the orc warrior! ๐Ÿ˜• HP[-1]
You take 1 damage, and now have 64/66 hp.
The searing ray hits the orc wizard.
The searing ray hits the orc warrior but does no damage.
The orc wizard hits you with a +0 dagger of protection. ๐Ÿ˜• HP[-2]
You take 2 damage, and now have 62/66 hp.
Restarting spell: Searing Ray (safe; 1% risk of failure)
Press: ? - help, Q - select action, (/) - cycle Shift-Dir - straight line, f - orc
Aim: an orc, wielding a +0 dagger, wearing a +0 leather armour and quivering boomerangs (83% to hit)
The searing ray hits the orc!
You kill the orc! (Press . to maintain the ray.)
The orc warrior hits you from afar with a +0 glaive! ๐Ÿ˜• HP[-11]
You take 11 damage, and now have 51/66 hp.
The orc wizard barely misses you.
The orc wizard gestures wildly while chanting.
The orc wizard flickers and vanishes!
Deactivating autopickup; reactivate with Ctrl-A.
Aiming: Searing Ray (safe; 1% risk of failure)
Press: ? - help, Q - select action, (/) - cycle Shift-Dir - straight line, f - orc warrior
Aim: an orc warrior, wielding a +0 glaive and wearing a +0 plate armour (moderately wounded, 83% to hit)
The searing ray hits the orc warrior. (Press . to maintain the ray.)
The orc warrior hits you from afar with a +0 glaive! ๐Ÿ˜ฎ HP[-13]
You take 13 damage, and now have 38/66 hp.
The searing ray hits something!
The searing ray hits the orc warrior.
The orc warrior hits you from afar with a +0 glaive!!
* * * LOW HITPOINT WARNING * * *
๐Ÿ˜จ HP[-20]
You take 20 damage, and now have 18/66 hp.
MASSIVE DAMAGE!! (PAUSE)
The searing ray hits the orc warrior but does no damage.
* * * LOW HITPOINT WARNING * * *
The orc warrior hits you from afar with a +0 glaive.
* * * LOW HITPOINT WARNING * * *
Something hits you.
* * * LOW HITPOINT WARNING * * *
๐Ÿ˜ฑ HP[-8]
You take 8 damage, and now have 10/66 hp.
The orc warrior attacks as it pursues you!
The orc warrior closely misses you.
Something hits you but does no damage. ๐Ÿ˜ฑ HP[+1]
A magic dart appears from out of thin air!
The magic dart hits you!
* * * LOW HITPOINT WARNING * * *
๐Ÿ˜ฑ HP[-8]
You take 8 damage, and now have 3/66 hp.
You hear some strange, mumbled words.
Something tries to affect you, but you resist.
There is a stone staircase leading up here.
A magic dart appears from out of thin air!
The magic dart hits you!
You die...

Skill      XL: |  1  2  3  4  5  6  7  8  9 |
---------------+----------------------------+-----
Fighting       | 1 2 3 4 5 6 |  6.1
Spellcasting   | 4 5 6 7 |  7.9
Conjurations   | 4 5 6 7 |  7.9
Hexes          | 4 5 6 7 |  7.9
Summonings     | 4 5 6 7 |  7.9
Necromancy     | 4 5 6 7 |  7.9
Translocations | 4 5 6 7 |  7.9
Fire Magic     | 4 5 6 7 |  7.9
Ice Magic      | 4 5 6 7 |  7.9
Air Magic      | 4 5 6 7 |  7.9
Earth Magic    | 4 5 6 7 |  7.9
Alchemy        | 4 5 6 7 |  7.9
Stealth        | 2 |  2.5
Dodging        | 3 |  3.3

Action                     |  1- 3 |  4- 6 |  7- 9 || total
---------------------------+-------+-------+-------++-------
  Melee: Dagger            |     3 |       |       ||     3
   Cast: Magic Dart        |    83 |    22 |       ||   105
         Mephitic Cloud    |     2 |       |     9 ||    11
         Necrotise         |       |    91 |       ||    91
         Searing Ray       |       |     1 |    71 ||    72
         Blink             |       |       |     1 ||     1
         Call Imp          |       |       |     1 ||     1
    Use: Scroll            |     3 |       |       ||     3
         Potion            |       |       |     2 ||     2
   Stab: Confused          |     1 |       |       ||     1
 Armour: Robe              |     7 |       |       ||     7
         Leather armour    |       |    17 |    78 ||    95
  Dodge: Dodged            |     2 |    15 |    59 ||    76

Levels and vault maps discovered:
D:1:      matt_arrival_debris, layout_basic,
          shapermc_ecumenical_altar_mp_urbaneastern
D:2:      layout_loops_ring, serial_shops, shop, shop, grunt_ministairs_10
D:3:      layout_loops_ring, minmay_cupped
D:4:      layout_cave_pools, mainiacjoe_overflow_catwalk,
          nicolae_gozag_seed_capital
D:5:      layout_basic, lemuel_mausoleum_altar_kikubaaqudgha,
          trog_hazing_becter, minmay_temple_entry_statues_pillars, serial_shops,
          shop, uniq_prince_ribbit1
D:6:      layout_layer_cave, fedhas_altar_3, ashenzari_conservatory_becter,
          kennysheep_mini_moat, cheibrodos_sewer_entry_sluice
D:7:      layout_rooms, kennysheep_little_box, mainiacjoe_overflow_24_doors,
          uniq_maggie
Temple:   hellmonk_temple_forest_ring

Notes
Turn   | Place    | Note
-------+----------+-------------------------------------------
     0 | D:1      | cpf86 the Djinni Hedge Wizard began the quest for the Orb.
     0 | D:1      | cpf86 set off with the following spells memorised: Magic
                  | Dart, Slow, Blink, Call Imp, Mephitic Cloud.
     0 | D:1      | Reached XP level 1. HP: 15/15 MP: 0/0
     0 | D:1      | magus.rc [v1.9.6]
   190 | D:1      | Reached XP level 2. HP: 17/22 MP: 0/0
   677 | D:1      | Found a faded altar of an unknown god.
   715 | D:1      | Reached skill level 1 in Fighting
   875 | D:2      | Found Xedeih's Magic Scroll Emporium.
   906 | D:2      | Reached XP level 3. HP: 23/27 MP: 0/0
   906 | D:2      | Learned a level 1 spell: Necrotise
   998 | D:2      | Bought a scroll of teleportation for 30 gold pieces
   998 | D:2      | Bought a scroll of identify for 20 gold pieces
  1380 | D:2      | Reached skill level 4 in Spellcasting
  1380 | D:2      | Reached skill level 4 in Conjurations
  1380 | D:2      | Reached skill level 4 in Hexes
  1380 | D:2      | Reached skill level 4 in Summonings
  1380 | D:2      | Reached skill level 4 in Necromancy
  1380 | D:2      | Reached skill level 4 in Translocations
  1380 | D:2      | Reached skill level 4 in Fire Magic
  1380 | D:2      | Reached skill level 4 in Ice Magic
  1380 | D:2      | Reached skill level 4 in Air Magic
  1380 | D:2      | Reached skill level 4 in Earth Magic
  1380 | D:2      | Reached skill level 4 in Alchemy
  1380 | D:2      | Reached XP level 4. HP: 18/33 MP: 0/0
  1574 | D:2      | Reached skill level 2 in Fighting
  1629 | D:2      | Found Anausidd's Assorted Antiques.
  1935 | D:3      | Reached XP level 5. HP: 37/38 MP: 0/0
  1935 | D:3      | Learned a level 2 spell: Searing Ray
  2466 | D:3      | Identified the +3 mace "Vudghaj" {freeze, Will+}
  2961 | D:4      | Noticed an ogre
  2994 | D:4      | Found an ornate altar of the Wu Jian Council.
  3002 | D:4      | Reached XP level 6. HP: 44/45 MP: 0/0
  3097 | D:4      | Reached skill level 3 in Fighting
  3130 | D:4      | Found an opulent altar of Gozag.
  3148 | D:4      | Reached skill level 5 in Spellcasting
  3148 | D:4      | Reached skill level 5 in Conjurations
  3148 | D:4      | Reached skill level 5 in Hexes
  3148 | D:4      | Reached skill level 5 in Summonings
  3148 | D:4      | Reached skill level 5 in Necromancy
  3148 | D:4      | Reached skill level 5 in Translocations
  3148 | D:4      | Reached skill level 5 in Fire Magic
  3148 | D:4      | Reached skill level 5 in Ice Magic
  3148 | D:4      | Reached skill level 5 in Air Magic
  3148 | D:4      | Reached skill level 5 in Earth Magic
  3148 | D:4      | Reached skill level 5 in Alchemy
  3296 | D:4      | Noticed an ogre
  3581 | D:5      | Entered Level 5 of the Dungeon
  3682 | D:5      | Found Wuklaz's Book Shop.
  3711 | D:5      | Reached XP level 7. HP: 47/50 MP: 0/0
  3711 | D:5      | Learned a level 3 spell: Fugue of the Fallen
  3900 | D:5      | Noticed Prince Ribbit
  4077 | D:6      | HP: 12/51 [hound (4)]
  4078 | D:6      | HP: 5/51 [hound (2)]
  4095 | D:6      | Reached skill level 4 in Fighting
  4243 | D:5      | Killed Prince Ribbit
  4244 | D:5      | Reached skill level 6 in Spellcasting
  4244 | D:5      | Reached skill level 6 in Conjurations
  4244 | D:5      | Reached skill level 6 in Hexes
  4244 | D:5      | Reached skill level 6 in Summonings
  4244 | D:5      | Reached skill level 6 in Necromancy
  4244 | D:5      | Reached skill level 6 in Translocations
  4244 | D:5      | Reached skill level 6 in Fire Magic
  4244 | D:5      | Reached skill level 6 in Ice Magic
  4244 | D:5      | Reached skill level 6 in Air Magic
  4244 | D:5      | Reached skill level 6 in Earth Magic
  4244 | D:5      | Reached skill level 6 in Alchemy
  4244 | D:5      | Reached XP level 8. HP: 48/58 MP: 0/0
  4449 | D:4      | Reached skill level 5 in Fighting
  4649 | D:5      | Reached skill level 7 in Spellcasting
  4649 | D:5      | Reached skill level 7 in Conjurations
  4649 | D:5      | Reached skill level 7 in Hexes
  4649 | D:5      | Reached skill level 7 in Summonings
  4649 | D:5      | Reached skill level 7 in Necromancy
  4649 | D:5      | Reached skill level 7 in Translocations
  4649 | D:5      | Reached skill level 7 in Fire Magic
  4649 | D:5      | Reached skill level 7 in Ice Magic
  4649 | D:5      | Reached skill level 7 in Air Magic
  4649 | D:5      | Reached skill level 7 in Earth Magic
  4649 | D:5      | Reached skill level 7 in Alchemy
  4999 | D:5      | Reached XP level 9. HP: 31/66 MP: 0/0
  4999 | D:5      | Learned a level 3 spell: Maxwell's Portable Piledriver
  5199 | D:5      | Found a bloodstained altar of Trog.
  5362 | D:5      | Found a staircase to the Ecumenical Temple.
  5370 | Temple   | Entered the Ecumenical Temple
  5409 | D:6      | Found a basalt altar of Yredelemnul.
  5752 | D:6      | Reached skill level 2 in Stealth
  5874 | D:6      | Reached skill level 6 in Fighting
  5874 | D:6      | Reached skill level 3 in Dodging
  6079 | D:6      | Found a blossoming altar of Fedhas.
  6299 | D:6      | Found a broken altar of Ashenzari.
  6759 | D:7      | HP: 12/66 [orc warrior/+0 glaive (5)]
  6762 | D:7      | HP: 3/66 [something/magic dart (8)]
  6764 | D:7      | Killed from afar by an orc wizard

Vanquished Creatures
  Prince Ribbit (D:5)
  An orc warrior (D:6)
  A black bear (D:6)
  6 ogres
  A centaur (D:5)
  A phantom (D:5)
  A scorpion (D:4)
  A howler monkey (D:6)
  2 bombardier beetles
  4 hounds
  A human zombie (D:5)
  A centaur zombie (D:5)
  3 orc priests
  2 bullfrog skeletons (D:5)
  A centaur skeleton (D:5)
  3 iguanas
  3 orc wizards (D:6)
  A sleepcap (D:5)
  A scorpion zombie (D:5)
  A hound zombie (D:5)
  A hound skeleton (D:5)
  A howler monkey skeleton (D:5)
  5 adders
  A shadow imp (D:5)
  A white imp (D:6)
  An adder skeleton (D:5)
  4 dart slugs
  2 ribbon worms
  21 orcs
  3 endoplasms (D:2)
  2 giant cockroaches (D:3)
  9 goblins
  6 hobgoblins
  3 jackals (D:2)
  2 quokkas (D:2)
  10 ball pythons
  6 bats
  A frilled lizard (D:1)
  8 kobolds
  3 rats
126 creatures vanquished.

Vanquished Creatures (collateral kills)
  An endoplasm (D:4)
1 creature vanquished.

Grand Total: 127 creatures vanquished

Table legend:
 A = Non-vault XP
 B = Vault XP
 C = Vault XP percentage of total XP
 D = Non-vault monster count
 E = Vault monster count
 F = Vault count percentage of total count
                 A         B        C        D         E       F
            +---------+---------+-------+---------+---------+-------
      Total |    2082 |     719 |  25.7 |     100 |      27 |  21.3
            +---------+---------+-------+---------+---------+-------
        D:1 |      24 |       0 |   0.0 |      14 |       0 |   0.0
        D:2 |      92 |       4 |   4.2 |      17 |       2 |  10.5
        D:3 |      89 |       6 |   6.3 |      18 |       3 |  14.3
        D:4 |     456 |       0 |   0.0 |      14 |       0 |   0.0
        D:5 |     484 |     706 |  59.3 |       7 |      19 |  73.1
        D:6 |     928 |       3 |   0.3 |      27 |       3 |  10.0
        D:7 |       9 |       0 |   0.0 |       3 |       0 |   0.0
            +---------+---------+-------+---------+---------+-------

Skill      XL: |  1  2  3  4  5  6  7  8  9 |
---------------+----------------------------+-----
Fighting       | 1 2 3 4 5 6 |  6.1
Spellcasting   | 4 5 6 7 |  7.9
Conjurations   | 4 5 6 7 |  7.9
Hexes          | 4 5 6 7 |  7.9
Summonings     | 4 5 6 7 |  7.9
Necromancy     | 4 5 6 7 |  7.9
Translocations | 4 5 6 7 |  7.9
Fire Magic     | 4 5 6 7 |  7.9
Ice Magic      | 4 5 6 7 |  7.9
Air Magic      | 4 5 6 7 |  7.9
Earth Magic    | 4 5 6 7 |  7.9
Alchemy        | 4 5 6 7 |  7.9
Stealth        | 2 |  2.5
Dodging        | 3 |  3.3

Action                     |  1- 3 |  4- 6 |  7- 9 || total
---------------------------+-------+-------+-------++-------
  Melee: Dagger            |     3 |       |       ||     3
   Cast: Magic Dart        |    83 |    22 |       ||   105
         Mephitic Cloud    |     2 |       |     9 ||    11
         Necrotise         |       |    91 |       ||    91
         Searing Ray       |       |     1 |    71 ||    72
         Blink             |       |       |     1 ||     1
         Call Imp          |       |       |     1 ||     1
    Use: Scroll            |     3 |       |       ||     3
         Potion            |       |       |     2 ||     2
   Stab: Confused          |     1 |       |       ||     1
 Armour: Robe              |     7 |       |       ||     7
         Leather armour    |       |    17 |    78 ||    95
  Dodge: Dodged            |     2 |    15 |    59 ||    76

Illustrated notes

Table legend:
 A = Kills in this place as a percentage of kills in the entire game.
 B = Kills by you in this place as a percentage of kills by you in the entire game.
 C = Kills by friends in this place as a percentage of kills by friends in the entire game.
 D = Other kills in this place as a percentage of other kills in the entire game.
 E = Experience gained in this place as a percentage of experience gained in the entire game.
 F = Experience gained in this place divided by the number of levels of this place that you have seen.
                   A       B       C       D       E      F
               +-------+-------+-------+-------+-------+----------------------
         Total | 100.0 | 100.0 | 100.0 |   N/A | 100.0 | 350.1
       Dungeon | 100.0 | 100.0 | 100.0 |   N/A | 100.0 | 400.1
               +-------+-------+-------+-------+-------+----------------------

Table legend: (Time is in decaauts)
 A = Elapsed time spent in this place.
 B = Non-inter-level travel time spent in this place.
 C = Inter-level travel time spent in this place.
 D = Time resting spent in this place.
 E = Time spent auto-exploring this place.
 F = Levels seen in this place.
 G = Mean time per level.
                   A        B        C        D        E       F      G
               +--------+--------+--------+--------+--------+-----+--------+
         Total |   6763 |   6437 |    326 |    377 |   5140 |   8 |  845.4 |
       Dungeon |   6761 |   6435 |    326 |    377 |   5140 |   7 |  965.9 |
        Temple |      1 |      1 |      0 |      0 |      0 |   1 |    1.0 |
               +--------+--------+--------+--------+--------+-----+--------+

Top non-repeatable levels by time:
     D:5: 1459 daAuts
     D:6: 1427 daAuts
     D:3: 1044 daAuts
     D:4: 973 daAuts
     D:2: 949 daAuts
     D:1: 875 daAuts
     D:7: 32 daAuts
  Temple: 1 daAuts
